 Dungeon Crawl Stone Soup version 0.31-a0-536-ga3e2962e35 (webtiles) character file.

Game seed: 15581894051407972695

4183 MacCMillion the Grappler (level 10, -8/91 HPs)
             Began as a Troll Shapeshifter on Aug 13, 2023.
             Was an Elder of Okawaru.
             Mangled by a vampire
             ... wielding a +0 vampiric halberd
              (15 damage)
             ... in a bailey.
             The game lasted 00:10:50 (6343 turns).

MacCMillion the Grappler (Troll Shapeshifter)       Turns: 6343, Time: 00:10:50

Health: -8/91      AC:  8    Str: 29    XL:     10   Next: 8%
Magic:  9/9        EV:  9    Int:  4    God:    Okawaru [****..]
Gold:   394        SH:  0    Dex: 10    Spells: 9/9 levels left

rFire   . .          .
                       - Unarmed
rCold   . . .        (no shield)
rNeg    . . .        a - +0 animal skin
rPois   .            (helmet currently unavailable)
rElec   .            (cloak currently unavailable)
rCorr   .            (gloves unavailable)
SInv    .            (boots unavailable)
Will    .....        v - amulet of reflection
Stlth   +            n - +4 ring of protection
HPRegen 1.15/turn    (no ring)
MPRegen 0.11/turn

%: reflection
@: confused, beast-form
A: beast (slay +2), large, unfitting armour, claws 3, regeneration 1, shaggy fur
1, tough skin 1
a: Begin Untransformation, Renounce Religion, Heroism, Finesse


You were in a bailey.
You worshipped Okawaru.
Okawaru was greatly pleased with you.
You were a hulking beast.
You visited 1 branch of the dungeon, and saw 8 of its levels.
You also visited: Sewer and Bailey.

You collected 394 gold pieces.

Inventory:

Missiles
 j - 17 poisoned darts
 y - 3 large rocks
 B - 6 boomerangs
 C - 3 curare-tipped darts
 E - 2 throwing nets
Armour
 a - a +0 animal skin (worn)
Jewellery
 g - a ring of poison resistance
 n - a +4 ring of protection (left claw)
 o - a ring of fire
 v - an amulet of reflection (around neck)
 F - a ring of fire
Talismans
 c - a beast talisman (active)
 d - a flux talisman
Wands
 H - a wand of flame (41)
 K - a wand of iceblast (9)
Scrolls
 e - 2 scrolls of enchant weapon {unknown}
 f - 3 scrolls of teleportation {unknown}
 k - 2 scrolls of blinking
 q - 2 scrolls of torment
 r - a scroll of amnesia
 x - a scroll of fog
 z - a scroll of fear
 G - a scroll of silence
 I - a scroll of poison
 J - a scroll of enchant armour {unknown}
Potions
 b - a potion of lignification
 h - 4 potions of enlightenment
 i - a potion of resistance
 l - 2 potions of ambrosia
 m - 3 potions of magic
 p - 2 potions of haste
 s - 2 potions of invisibility {unknown}
 t - 2 potions of degeneration
 w - a potion of mutation {unknown}
 A - 2 potions of attraction
 D - 3 potions of heal wounds
 L - a potion of cancellation {unknown}


   Skills:
 - Level 3.0 Fighting
 - Level 1.5 Dodging
 - Level 13.8 Unarmed Combat
 + Level 0.0 Invocations
 + Level 4.2 Shapeshifting


You had 9 spell levels left.
You didn't know any spells.
Your spell library contained the following spells:

 Spells                   Type           Power      Damage    Failure   Level
 Blink                    Tloc           0%         N/A       65%         2
 Lesser Beckoning         Tloc           0%         N/A       65%         2
 Momentum Strike          Conj/Tloc      0%         3d8       65%         2
 Gell's Gravitas          Tloc           0%         N/A       86%         3
 Teleport Other           Tloc           0%         N/A       86%         3
 Anguish                  Hex/Necr       0%         N/A       99%         4
 Cause Fear               Hex            0%         N/A       99%         4
 Dispersal                Tloc           0%         N/A       100%        6
 Enfeeble                 Hex            0%         N/A       100%        7


Dungeon Overview and Level Annotations

Branches:
Dungeon (8/15)             Temple (0/1) D:5            Lair (0/5) D:8
  Sewer (visited)          Bailey (1/1)

Altars:
Elyvilon
Hepliaklqana
Okawaru
Qazlal
Sif Muna
Trog
Uskayaw
Yredelemnul


Innate Abilities, Weirdness & Mutations

You are a hulking beast.
Your limbs bulge with bestial killing power. (Slay +2)
You are too large for most types of armour.
You have claws for hands.
Your natural rate of healing is unusually fast.
You are covered in fur. (AC +1)
You have tough skin. (AC +1)


Message History

You are too confused!
You are too confused!
You feel better. The vampire barely misses you. You block the vampire's attack.
You mangle the vampire!!
The vampire is almost destroyed.
The vampire gestures at you while chanting.
You are confused.
You feel better.
The vampire points at you and mumbles some strange words.
You are confused.
You're too confused to move!
The vampire casts a spell at you. You resist with some effort.
Unknown command.
The vampire mumbles some strange words.
The vampire flickers and vanishes!
Deactivating autopickup; reactivate with Ctrl-A.
Unknown command.
You miss something. Something hits you! Something bites you but does no damage.
You bump into the stone wall.
Something hits you! Something bites you but does no damage.
You bump into the stone wall.
Something draws life force from you!
* * * LOW HITPOINT WARNING * * *
Unknown command.
You bump into the stone wall.
Something hits you.
* * * LOW HITPOINT WARNING * * *
Something bites you.
* * * LOW HITPOINT WARNING * * *
Something draws strength from your injuries!
Unknown command.
You scratch something but do no damage. Your claw misses something.
You feel less confused.
You hear some strange, mumbled words.
You are confused.
You bump into the stone wall.
Something draws life force from you!!
* * * LOW HITPOINT WARNING * * *
Unknown command.
Something hits you!
You die...

##### #.÷.# #####
####.÷.# ######....##
#..')).#####8.##.....!#
#).#####..8#..#...#
#'##.......#..'{h##
...........#..'..#
....♣......#..#...#
...........#..##.....
.......♣...#...##...8#
.♣.♣.).)..##....######
.....)...##......8#
........##..)##...#
.........#....##..#


There were no monsters in sight!

Vanquished Creatures
  A gargoyle (Bailey)
  Prince Ribbit (D:5)
  Sigmund (D:3)
  Eustachio (D:5)
  A steam dragon (D:8)
  4 water moccasins
  2 ice beasts
  2 sky beasts (D:6)
  2 ogres (D:5)
  A centaur (D:6)
  5 kobold brigands
  3 bullfrogs
  3 scorpions
  9 vampire bats (Bailey)
  6 wolf zombies (Bailey)
  4 orc priests
  8 hounds
  A gnoll bouda (D:6)
  A jelly (D:3)
  A sleepcap (D:5)
  An iguana (D:4)
  3 orc wizards
  5 gnolls
  8 adders
  A river rat (Sewer)
  3 shadow imps
  3 white imps
  3 ufetubi
  A worm (D:2)
  2 dart slugs
  12 orcs
  12 ball pythons
  8 endoplasms
  3 giant cockroaches
  9 goblins
  2 hobgoblins
  5 jackals
  2 quokkas
  2 bats
  3 frilled lizards (D:1)
  31 kobolds
  19 orc zombies (Bailey)
  8 rats
203 creatures vanquished.

Notes
Turn   | Place    | Note
-------+----------+-------------------------------------------
     0 | D:1      | MacCMillion the Troll Shapeshifter began the quest for the
                  | Orb.
     0 | D:1      | Reached XP level 1. HP: 18/18 MP: 0/0
   124 | D:1      | You fall into a shaft and drop 1 floor!
   136 | D:2      | Reached XP level 2. HP: 24/26 MP: 1/1
   239 | D:1      | Reached skill level 4 in Unarmed Combat
   393 | D:1      | Reached XP level 3. HP: 32/32 MP: 2/2
  1577 | D:2      | Reached XP level 4. HP: 39/40 MP: 3/3
  1582 | D:2      | Reached skill level 5 in Unarmed Combat
  1882 | D:3      | Noticed Sigmund
  1893 | D:3      | Killed Sigmund
  1894 | D:3      | Reached skill level 7 in Unarmed Combat
  1894 | D:3      | Reached XP level 5. HP: 26/46 MP: 4/4
  1894 | D:3      | Reached XP level 6. HP: 31/54 MP: 5/5
  2528 | D:4      | Found a basalt altar of Yredelemnul.
  2533 | D:4      | Found a hazy altar of Hepliaklqana.
  2978 | D:4      | Found a bloodstained altar of Trog.
  2981 | D:4      | Found a white marble altar of Elyvilon.
  2987 | D:4      | Found a hide-covered altar of Uskayaw.
  2989 | D:4      | Found an iron altar of Okawaru.
  2992 | D:4      | Found a stormy altar of Qazlal.
  2994 | D:4      | Found a shimmering blue altar of Sif Muna.
  3001 | D:4      | Became a worshipper of Warmaster Okawaru
  3141 | D:5      | Entered Level 5 of the Dungeon
  3236 | D:5      | Noticed a water moccasin
  3248 | D:5      | Killed a water moccasin
  3249 | D:5      | Reached skill level 8 in Unarmed Combat
  3249 | D:5      | Reached XP level 7. HP: 61/61 MP: 6/6
  3334 | D:5      | Noticed Eustachio
  3340 | D:5      | Killed Eustachio
  3341 | D:5      | Reached skill level 9 in Unarmed Combat
  3363 | D:5      | Reached * piety under Okawaru
  3416 | D:5      | Found a glowing drain.
  3616 | Sewer    | Entered a sewer
  3624 | Sewer    | Reached XP level 8. HP: 68/68 MP: 7/7
  3680 | Sewer    | Reached skill level 10 in Unarmed Combat
  3709 | Sewer    | Found a white marble altar of Elyvilon.
  3966 | D:5      | Found a staircase to the Ecumenical Temple.
  4003 | D:5      | Noticed Prince Ribbit
  4018 | D:5      | Killed Prince Ribbit
  4018 | D:5      | Reached ** piety under Okawaru
  4026 | D:5      | Reached skill level 11 in Unarmed Combat
  4694 | D:6      | Reached skill level 12 in Unarmed Combat
  4706 | D:6      | Reached XP level 9. HP: 35/75 MP: 8/8
  4879 | D:6      | Reached *** piety under Okawaru
  5465 | D:7      | Reached skill level 13 in Unarmed Combat
  5880 | D:8      | Found a staircase to the Lair.
  5985 | D:8      | Found a flagged portal.
  5999 | Bailey   | Entered a bailey
  6069 | Bailey   | Reached skill level 1 in Fighting
  6172 | Bailey   | Reached **** piety under Okawaru
  6179 | Bailey   | Reached XP level 10. HP: 82/88 MP: 9/9
  6206 | Bailey   | Noticed a gargoyle
  6212 | Bailey   | Killed a gargoyle
  6343 | Bailey   | Mangled by a vampire

Illustrated notes

Levels and vault maps discovered:
D:1:      kilobyte_arrival_exit_the_forest, layout_basic,
          chequers_serial_rivers_micro_e, minivault_25
D:2:      layout_rooms, minmay_divided_ellipse
D:3:      layout_rooms, uniq_sigmund
D:4:      minmay_angry_zag, layout_gridville,
          nicolae_overflow_hallway_of_the_gods, serial_rivers,
          chequers_serial_rivers_marsh, chequers_serial_rivers_micro_c,
          chequers_serial_rivers_micro_e, chequers_serial_rivers_large_b,
          chequers_serial_rivers_room_b, chequers_serial_rivers_small_b
D:5:      layout_layer_cave, minmay_temple_entry_hall, portal_sewer_entry_d,
          kennysheep_path_1, uniq_prince_ribbit1, uniq_eustachio
D:6:      layout_cave_pools, hangedman_decor_points, lightli_corner_chamber
D:7:      layout_loops_cross
D:8:      layout_loops_cross, dpeg_oklobed_lair, enter_bailey_3
Bailey:   bailey_polearm_vampire_castle_hellmonk, bailey

Skill      XL: |  1  2  3  4  5  6  7  8  9 10 |
---------------+-------------------------------+-----
Unarmed Combat | 4 7 8 9 12 13 | 13.8
Fighting       | 2 3 |  3.0
Shapeshifting  | 4 |  4.2
Dodging        | |  1.5

Action                     |  1- 3 |  4- 6 |  7- 9 | 10-12 || total
---------------------------+-------+-------+-------+-------++-------
  Melee: Unarmed           |    72 |    74 |   291 |    20 ||   457
         Punch             |     3 |       |    15 |     3 ||    21
 Invoke: Heroism           |       |       |       |     1 ||     1
    Use: Scroll            |       |       |    14 |       ||    14
         Potion            |       |       |       |     2 ||     2
   Stab: Sleeping          |     1 |     1 |     2 |       ||     4
 Armour: Animal skin       |    15 |    21 |   144 |     4 ||   184
  Dodge: Dodged            |    13 |    13 |   114 |     7 ||   147
  Block: Other             |       |     3 |    62 |     4 ||    69
         Reflection        |       |       |     1 |       ||     1

Table legend: (Time is in decaauts)
 A = Elapsed time spent in this place.
 B = Non-inter-level travel time spent in this place.
 C = Inter-level travel time spent in this place.
 D = Time resting spent in this place.
 E = Time spent auto-exploring this place.
 F = Levels seen in this place.
 G = Mean time per level.
                   A        B        C        D        E       F      G
               +--------+--------+--------+--------+--------+-----+--------+
         Total |   6261 |   5897 |    364 |    355 |   4359 |  10 |  626.1 |
       Dungeon |   5793 |   5429 |    364 |    295 |   4170 |   8 |  724.1 |
         Sewer |    149 |    149 |      0 |      0 |     96 |   1 |  149.0 |
        Bailey |    319 |    319 |      0 |     60 |     93 |   1 |  319.0 |
               +--------+--------+--------+--------+--------+-----+--------+

Top non-repeatable levels by time:
     D:1: 1283 daAuts
     D:5: 1243 daAuts
     D:4: 896 daAuts
     D:6: 675 daAuts
     D:3: 629 daAuts
     D:7: 565 daAuts
  Bailey: 319 daAuts
     D:2: 316 daAuts
     D:8: 181 daAuts
   Sewer: 149 daAuts
